 Dungeon Crawl Stone Soup version 0.22-a0-558-gc224181 (webtiles) character file.

307 iamserjio the Chopper (level 6, -2/38 HPs)
             Began as a Gargoyle Fighter on June 27, 2018.
             Slain by a gnoll
             ... wielding a +0 halberd
              (7 damage)
             ... on level 3 of the Dungeon.
             The game lasted 00:07:10 (992 turns).

iamserjio the Chopper (Gargoyle Fighter)             Turns: 992, Time: 00:07:10

Health: -2/38      AC: 14    Str: 20    XL:     6   Next: 40%
Magic:  6/6        EV:  7    Int:  9    God:
Gold:   85         SH:  9    Dex: 10    Spells: 5/5 levels left

rFire    + . .     SeeInvis .   a - +0 war axe
rCold    . . .     Gourm    .   c - +0 shield
rNeg     + . .     Faith    .   b - +0 scale mail
rPois    ∞         Spirit   .   (no helmet)
rElec    +         Reflect  .   e - +2 cloak {rPois}
rCorr    .         Harm     .   (no gloves)
MR       .....                  (no boots)
Stlth    ..........             (no amulet)
HPRegen  0.12/turn              o - ring of protection from fire
MPRegen  0.10/turn              (no ring)

@: no status effects
A: negative energy resistance 1, electricity resistance, unbreathing,
petrification resistance, rot immunity, AC +4
a: no special abilities


You were on level 3 of the Dungeon.
You were not hungry.

You visited 1 branch of the dungeon, and saw 4 of its levels.

You collected 85 gold pieces.

Inventory:

Hand Weapons
 a - a +0 war axe (weapon)
 d - a +0 whip
Missiles
 q - 3 throwing nets (quivered) {!f}
Armour
 b - a +0 scale mail (worn)
 c - a +0 shield (worn)
 e - a +2 cloak of poison resistance (worn)
Jewellery
 o - a ring of protection from fire (left hand)
Scrolls
 h - a scroll of amnesia {unknown}
 i - a scroll of fog {unknown}
 j - 2 scrolls of identify {unknown}
 k - a scroll of remove curse {unknown}
 m - a scroll of enchant weapon {unknown}
 n - a scroll of teleportation {unknown}
 p - a scroll of fear {unknown}
Potions
 g - a potion of lignification {unknown}
 l - a potion of agility {unknown}
Comestibles
 f - 4 rations
 r - 2 chunks of flesh


   Skills:
 + Level 4.3 Fighting
 + Level 5.3 Axes
 + Level 3.6 Armour
 - Level 3.2 Shields


You had 5 spell levels left.
You didn't know any spells.
Your spell library was empty.

Dungeon Overview and Level Annotations

Branches:
Dungeon (4/15)
 Temple: D:4-7

Altars:
Uskayaw


Innate Abilities, Weirdness & Mutations

You are resistant to torment.
Your stone body is resilient. (AC +4)
You are immune to poison.
You resist negative energy. (rN+)
You are resistant to electric shocks. (rElec)
You can survive without breathing.
You are immune to petrification.
You are immune to rotting.


Message History

You enter a teleport trap!
The teleport trap disappears.
Your surroundings suddenly seem different.
Put on which piece of jewellery? (? for menu, Esc to quit)
o - a ring of protection from fire (left hand)
Okay, then.
A bat comes into view.
The bat hits you but does no damage. The bat hits you but does no damage.
You slash the bat!
You kill the bat!
The gnoll shouts!
You block the gnoll's attack.
A bat comes into view.
You closely miss the gnoll. The gnoll hits you with a halberd!
* * * LOW HITPOINT WARNING * * *
You hit the gnoll.
The gnoll is heavily wounded.
The gnoll drinks a potion.
The gnoll seems to speed up.
The gnoll hits you with a halberd!
You die...

. .######...##.# .
###.######......#
.##.#..........#### .....#
######.## #.#<.# #...#
.##..# #...# .##gg# #...# #
###g.# #...######## ##.
###..### #...g@gb...#...
#......#####....###...#.####
#.##<#......................
#.#.)......>................
#..gg#..................#
#...g>.#####.)..###.........
###g#### #................
#.# #...#####.#...... #g#
#...# #.......#


You could see 2 gnolls and a bat.

Vanquished Creatures
  A gnoll sergeant (D:3)
  3 gnoll shamans
  10 gnolls
  An adder (D:3)
  2 worms
  3 leopard geckos
  2 giant cockroaches
  5 goblins
  6 hobgoblins
  7 jackals (D:3)
  3 kobolds
  A quokka (D:2)
  3 bats
  4 frilled lizards
  A rat (D:3)
52 creatures vanquished.

Notes
Turn   | Place    | Note
-------+----------+-------------------------------------------
     0 | D:1      | iamserjio the Gargoyle Fighter began the quest for the Orb.
     0 | D:1      | Reached XP level 1. HP: 14/14 MP: 1/1
    43 | D:1      | Reached skill level 2 in Axes
   133 | D:1      | Reached XP level 2. HP: 19/19 MP: 2/2
   339 | D:2      | Reached skill level 3 in Axes
   420 | D:3      | Reached XP level 3. HP: 22/23 MP: 3/3
   425 | D:2      | Found a hide-covered altar of Uskayaw.
   676 | D:3      | Reached XP level 4. HP: 24/29 MP: 4/4
   751 | D:3      | Reached skill level 4 in Axes
   757 | D:3      | Reached XP level 5. HP: 9/33 MP: 5/5
   782 | D:3      | Noticed a black bear
   863 | D:2      | Reached skill level 5 in Axes
   863 | D:2      | Reached XP level 6. HP: 16/38 MP: 6/6
   992 | D:3      | Slain by a gnoll

Vault maps used:
D:1:      lightli_arrival_flooded_house, tso_metal_star
D:2:      overflow_temple_1_default, nicolae_overflow_crystal_walls,
          lemuel_zombie_altar_kikubaaqudgha
D:3:      lemuel_castle_with_subvaults, first_ration, uniq_jessica
D:4:      cheibrodos_quashed, gammafunk_temple_overflow_arena,
          ashenzari_altar_1, lemuel_round_altar, uniq_crazy_yiuf_cottage,
          uniq_duvessa

Skill      XL: |  1  2  3  4  5 |
---------------+----------------+-----
Axes           | 2 3 4 5 |  5.3
Fighting       | 4 |  4.3
Armour         | |  3.6
Shields        | |  3.2

Action                   |  1- 3 |  4- 6 || total
-------------------------+-------+-------++-------
Melee: War axe           |   113 |    90 ||   203
  Use: Potion            |       |     3 ||     3
  Eat: Chunk             |       |     1 ||     1
Armor: Scale mail        |    61 |    43 ||   104
Dodge: Dodged            |    38 |    28 ||    66
Block: Shield            |    60 |    52 ||   112

Table legend:
 A = Spawn XP
 B = Non-spawn XP
 C = Spawn XP percentage of total XP
 D = Spawn monster count
 E = Non-spawn monster count
 F = Spawn count percentage of total count
 G = Total turns spent on level
                    A         B        C        D         E        F      G
               +---------+---------+-------+---------+---------+-------+---------
         Total |       0 |     439 |   0.0 |       0 |      52 |   0.0 |   992
               +---------+---------+-------+---------+---------+-------+---------
           D:1 |       0 |      17 |   0.0 |       0 |      10 |   0.0 |   209
           D:2 |       0 |     116 |   0.0 |       0 |      12 |   0.0 |   340
           D:3 |       0 |     306 |   0.0 |       0 |      30 |   0.0 |   423
               +---------+---------+-------+---------+---------+-------+---------
